 Dungeon Crawl Stone Soup version 0.24.0-123-gd5b16e6ec5 (webtiles) character file.

Game seed: 15808329201289541524, levelgen mode: deterministic

1096 mrBanana the Slasher (level 8, -5/61 HPs)
             Began as a Mummy Chaos Knight on Dec 30, 2019.
             Was a Plaything of Xom.
             Shot with an arrow by a centaur (8 damage)
             ... on level 6 of the Dungeon.
             The game lasted 00:16:49 (6648 turns).

mrBanana the Slasher (Mummy Chaos Knight)           Turns: 6648, Time: 00:16:50

Health: -5/61      AC:  9    Str: 17    XL:     8   Next: 10%
Magic:  14/14      EV:  7    Int: 17    God:    Xom [.....*]
Gold:   360        SH:  4    Dex: 11    Spells: 15/15 levels left

rFire    x . .     SeeInvis .   t - +3 dagger (venom)
rCold    + . .     Gourm    .   o - +0 buckler
rNeg     + + +     Faith    .   m - +0 chain mail
rPois    ∞         Spirit   .   (no helmet)
rElec    .         Reflect  .   (no cloak)
rCorr    .         Harm     .   (no gloves)
MR       +....                  (no boots)
Stlth    ..........             (no amulet)
HPRegen  0.20/turn              j - +5 ring of intelligence
MPRegen  0.14/turn              (no ring)

@: no status effects
A: no food or potions, fire vulnerability, cold resistance 1, negative energy
resistance 3, torment resistance, unbreathing
a: Renounce Religion


You were on level 6 of the Dungeon.
You worshipped Xom.
You were Xom's teddy bear.
You were not hungry.

You visited 1 branch of the dungeon, and saw 6 of its levels.
You also visited: Ossuary.

You collected 360 gold pieces.

Inventory:

Hand Weapons
 a - a +0 falchion of chaos
 h - a +1 dagger of venom
 t - a +3 dagger of venom (weapon)
 w - a +0 scimitar
Missiles
 n - 2 throwing nets
 s - 13 poisoned darts (quivered)
Armour
 b - a +2 leather armour
 g - a +0 ring mail
 m - a +0 chain mail (worn)
 o - a +0 buckler (worn)
 v - a +0 pair of gloves
Jewellery
 j - a +5 ring of intelligence (left hand)
 x - a +2 ring of dexterity {unknown}
Wands
 q - a wand of clouds (5)
Scrolls
 c - 2 scrolls of immolation {unknown}
 d - 10 scrolls of identify {unknown}
 e - 2 scrolls of amnesia {unknown}
 f - 2 scrolls of enchant weapon {unknown}
 i - 2 scrolls of teleportation {unknown}
 k - a scroll of fear {unknown}
 l - a scroll of random uselessness {unknown}
 p - 2 scrolls of blinking {unknown}
 r - a scroll of enchant armour {unknown}
 u - 3 scrolls of remove curse {unknown}


   Skills:
 + Level 4.5 Fighting
 * Level 4.8 Long Blades
 + Level 3.2 Armour
 + Level 2.8 Dodging
 * Level 3.1 Shields
 + Level 4.0 Spellcasting


You had 15 spell levels left.
You didn't know any spells.
Your spell library contained the following spells:

 Spells                   Type           Power        Failure   Level  Hunger
 Summon Small Mammal      Summ           #...         95%         1    N/A
 Call Imp                 Summ           #.......     98%         2    N/A
 Call Canine Familiar     Summ           #.......     100%        3    N/A
 Summon Guardian Golem    Hex/Summ       #.......     100%        3    N/A
 Summon Ice Beast         Ice/Summ       #.......     100%        4    N/A
 Summon Lightning Spire   Summ/Air       #.......     100%        4    N/A

Dungeon Overview and Level Annotations

Branches:
Dungeon (6/15)            Ossuary (visited)
 Temple: D:4-7

Altars:
Ashenzari
Cheibriados
Dithmenos
Hepliaklqana
Makhleb
Nemelex Xobeh
Sif Muna
Vehumet
Xom
The Shining One


Innate Abilities, Weirdness & Mutations

You do not eat or drink.
Your flesh is vulnerable to fire.
You are immune to poison.
Your flesh is cold resistant. (rC+)
You are immune to negative energy. (rN+++)
You are immune to unholy pain and torment.
You can survive without breathing.


Message History

You are too injured to fight recklessly!
You see here an arrow.
The centaur wields a +0 shortbow.
The centaur shoots an arrow.
The arrow hits you.
The centaur shoots an arrow.
The arrow hits you.
You see here an arrow.
The centaur shoots an arrow.
The arrow hits you.
* * * LOW HITPOINT WARNING * * *
You see here an arrow.
The centaur shoots an arrow.
The arrow hits you.
* * * LOW HITPOINT WARNING * * *
The ogre closely misses you.
The centaur shoots an arrow.
The arrow hits you!
* * * LOW HITPOINT WARNING * * *
Xom is amused.
You see here 2 arrows.
Unknown command.
Unknown command.
The centaur shoots an arrow.
The arrow hits you!
You die...
Xom snickers!

#.................##.
#.......##..##.#####.
#######...............####<
#..........................
#..........................
#..............(...........
#.......O.(.............###
#.....c(.(..............#
##........@.............#
#....####.............####
#..>.# ##...............#
#...## #.#........####.#
#...# #.............#..
###...# #####.........##.
#.....# #.........###
#.##### #.(.......# #.#
#.........#


You could see an ogre and a centaur.

Vanquished Creatures
  2 ogres (D:5)
  2 centaurs (D:6)
  A bullfrog (D:5)
  A scorpion (D:5)
  2 howler monkeys
  2 crimson imps
  A jelly (D:5)
  4 orc priests (D:5)
  A bullfrog skeleton (D:6)
  An orc wizard (D:5)
  2 worker ants (D:5)
  A hound skeleton (D:5)
  A mummy (D:4)
  2 worker ant zombies
  A howler monkey skeleton (D:4)
  5 adders
  3 gnolls (D:5)
  An ooze (D:2)
  An adder skeleton (D:6)
  2 worms (D:3)
  A dart slug (D:1)
  6 leopard geckos
  12 orcs
  5 giant cockroaches
  3 hobgoblins
  5 jackals
  2 quokkas
  3 ball pythons (D:3)
  6 bats
  9 frilled lizards
  11 goblins
  A jackal skeleton (D:5)
  11 kobolds
  2 rats (D:2)
113 creatures vanquished.

Vanquished Creatures (others)
  A phantom (D:5)
  A withered plant (Ossuary)
2 creatures vanquished.

Grand Total: 115 creatures vanquished

Notes
Turn   | Place    | Note
-------+----------+-------------------------------------------
     0 | D:1      | mrBanana the Mummy Chaos Knight began the quest for the
                  | Orb.
     0 | D:1      | Reached XP level 1. HP: 18/18 MP: 1/1
    96 | D:1      | XOM: harmless Erth miscast
    97 | D:1      | Reached XP level 2. HP: 10/24 MP: 2/2
   278 | D:1      | XOM: medium Necr miscast
   279 | D:1      | Noticed a shadow
   279 | D:1      | Noticed a shadow
   317 | D:1      | Reached skill level 1 in Dodging
   320 | D:1      | XOM: confuse monster(s)
   390 | D:1      | XOM is BORED!
   390 | D:1      | XOM: 1-stop teleportation journey
   442 | D:1      | XOM: harmless Summ miscast
   625 | D:1      | Reached skill level 1 in Spellcasting
   907 | D:1      | XOM: cloud trail
   949 | D:1      | Reached XP level 3. HP: 29/29 MP: 4/4
  1042 | D:1      | XOM: mild Air miscast
  1128 | D:2      | Found a glowing golden altar of the Shining One.
  1435 | D:2      | Found a radiant altar of Vehumet.
  1596 | D:2      | XOM is BORED!
  1596 | D:2      | XOM: medium Chrm miscast
  1665 | D:2      | Reached XP level 4. HP: 31/35 MP: 6/6
  1763 | D:2      | XOM: cloud trail
  1952 | D:2      | XOM: summons 2 hostile demons
  2346 | D:3      | XOM: 1-stop teleportation journey
  2935 | D:4      | XOM: divination: detect items
  2941 | D:4      | Reached XP level 5. HP: 25/41 MP: 6/8
  3062 | D:4      | XOM: 1-stop teleportation journey
  3198 | D:4      | Found a sparkling altar of Nemelex Xobeh.
  3204 | D:4      | XOM: god gift: 15 stones
  3210 | D:4      | Found a sand-covered staircase.
  3214 | Ossuary  | Entered an ossuary
  3514 | D:4      | XOM: mild Tloc miscast
  3744 | D:4      | Found a shimmering blue altar of Sif Muna.
  3862 | D:4      | Found a hazy altar of Hepliaklqana.
  3870 | D:4      | Found a shimmering altar of Xom.
  3873 | D:4      | Found a shattered altar of Ashenzari.
  3876 | D:4      | Found a snail-covered altar of Cheibriados.
  3889 | D:4      | XOM: divination: detect creatures
  3940 | D:5      | Entered Level 5 of the Dungeon
  3944 | D:5      | Found a shadowy altar of Dithmenos.
  3969 | D:5      | XOM is BORED!
  3969 | D:5      | XOM: mild Tloc miscast
  4036 | D:5      | Found a burning altar of Makhleb.
  4283 | D:5      | Reached skill level 1 in Shields
  4469 | D:5      | Reached XP level 6. HP: 14/48 MP: 9/9
  4651 | D:5      | XOM: noise
  4700 | D:5      | XOM: divination: detect items
  4704 | D:5      | XOM: mild Fire miscast
  4726 | D:5      | XOM: cloud trail
  5180 | D:5      | You fall into a shaft and drop 1 floor!
  5237 | D:6      | Reached XP level 7. HP: 41/54 MP: 11/11
  5376 | D:5      | XOM: cleaving
  5448 | D:5      | XOM: noise
  5765 | D:5      | XOM: scenery: 1 doors close
  5828 | D:5      | XOM: divination: magic mapping
  5854 | D:5      | XOM: cleaving
  5862 | D:5      | XOM: divine lightning
  6129 | D:6      | XOM: fog
  6307 | D:6      | XOM: enchant monster (good)
  6310 | D:5      | XOM: confuse monster(s)
  6445 | D:5      | Reached XP level 8. HP: 53/61 MP: 13/13
  6647 | D:6      | HP: 2/61 [centaur/arrow (11)]
  6648 | D:6      | Shot with an arrow by a centaur

Levels and vault maps discovered:
D:1:      dpeg_arrival_court, layout_rooms
D:2:      layout_basic, lemuel_crystal_altar, fiery_altar_vehumet
D:3:      layout_rooms, serial_rivers, chequers_serial_rivers_marsh,
          chequers_serial_rivers_micro_d, chequers_serial_rivers_marsh,
          chequers_serial_rivers_room_a, chequers_serial_rivers_room_a,
          chequers_serial_rivers_micro_d, hangedman_decor_lopped
D:4:      layout_gridville, led_sif_pool, grunt_temple_overflow_cloverleaf,
          nemelex_xobeh_ov_fountains_minmay, enter_ossuary_5, first_ration
D:5:      layout_loops_corners, old_standard_altar, lemuel_round_altar
D:6:      minmay_cornered_nines, layout_rooms

Skill      XL: |  1  2  3  4  5  6  7  8 |
---------------+-------------------------+-----
Dodging        | 1 2 |  2.8
Spellcasting   | 1 2 3 4 |  4.0
Long Blades    | 3 4 |  4.8
Armour         | 2 3 |  3.2
Shields        | 1 2 3 |  3.1
Fighting       | 4 |  4.5

Action                   |  1- 3 |  4- 6 |  7- 9 || total
-------------------------+-------+-------+-------++-------
Melee: Falchion          |    59 |    13 |       ||    72
       Dagger            |    55 |   214 |   159 ||   428
Armor: Leather armour    |    51 |    25 |       ||    76
       Chain mail        |       |    72 |    66 ||   138
Dodge: Dodged            |    84 |    76 |    39 ||   199
Block: Buckler           |       |    14 |    19 ||    33
       Rpst.: Falchion   |    20 |     4 |       ||    24
